 Dungeon Crawl Stone Soup version 0.30-a0-793-g160f7cfddd (webtiles) character file.

Game seed: 12092796098925186674

2893 kingofthe the Nimble (level 9, -1/45 HPs)
             Began as a Deep Elf Conjurer on Feb 19, 2023.
             Was an Initiate of Sif Muna.
             Slain by a hornet (4 damage)
             ... while paralysed by a hornet
             ... on level 8 of the Dungeon.
             The game lasted 00:20:25 (9355 turns).

kingofthe the Nimble (Deep Elf Conjurer)            Turns: 9355, Time: 00:20:25

Health: -1/45      AC: 12    Str:  7    XL:     9   Next: 48%
Magic:  3/22       EV:  2    Int: 24    God:    Sif Muna [......]
Gold:   364        SH:  0    Dex: 17    Spells: 16/23 levels left

rFire   + . .      SeeInvis +    F - +2 dagger (venom)
rCold   + . .      Faith    .    (no shield)
rNeg    . . .      Spirit   .    c - +0 steam dragon scales
rPois   +          Reflect  .    g - +0 helmet
rElec   .          Harm     .    p - scarf {rC+ rF+}
rCorr   .          Rampage  .    I - +2 pair of gloves of Beqyvar {Str+3 SInv}
Will    +....                    r - +2 pair of boots
Stlth   ++++                     (no amulet)
HPRegen 0.27/turn                P - ring of poison resistance
MPRegen 0.18/turn                W - ring of willpower

@: paralysed, lethally poisoned (-1 -> -4)
A: no striking features
a: Renounce Religion


You were on level 8 of the Dungeon.
You worshipped Sif Muna.
Sif Muna was noncommittal.
You visited 2 branches of the dungeon, and saw 9 of its levels.

You collected 394 gold pieces.
You spent 30 gold pieces at shops.


   Skills:
 * Level 9.0 Dodging
 + Level 7.1 Stealth
 + Level 7.7 Spellcasting
 + Level 8.2 Conjurations
 * Level 6.3 Hexes


You had 16 spell levels left.
You knew the following spells:

 Your Spells              Type           Power      Damage    Failure   Level
a - Magic Dart            Conj           100%       1d8       1%          1
b - Searing Ray           Conj           98%        2d8       1%          2
f - Fulminant Prism       Conj/Hex       22%        3d12      3%          4

Your spell library contained the following spells:

 Spells                   Type           Power      Damage    Failure   Level
 Dazzling Flash           Conj/Hex       88%        N/A       1%          3
 Tukima's Dance           Hex            39%        N/A       1%          3
 Portal Projectile        Hex/Tloc       48%        N/A       5%          3
 Iskenderun's Mystic Bla  Conj/Tloc      29%        2d7       12%         4
 Blade Hands              Tmut           4%         N/A       88%         5

Inventory:

Hand Weapons
 F - a +2 dagger of venom (weapon)
Armour
 c - +0 steam dragon scales (worn)
 g - a +0 helmet (worn)
 p - a scarf of resistance (worn)
 r - a +2 pair of boots (worn)
 x - the +0 helmet of Purpose {Harm Rampage rElec Slay-2}
   (You found it on level 5 of the Dungeon)

   Slay:      It affects your accuracy & damage with ranged weapons and melee
   (-2).
   rElec:     It insulates you from electricity.
   Harm:      It increases damage dealt and taken.
   Rampage:   It bestows one free step when moving towards enemies.
 G - a +0 scale mail of cold resistance
 I - the +2 pair of gloves of Beqyvar (worn) {Str+3 SInv}
   (You found it on level 7 of the Dungeon)

   Str:       It affects your strength (+3).
   SInv:      It lets you see invisible.
Magical Staves
 D - a staff of earth {!a!a}
Jewellery
 P - a ring of poison resistance (left hand)
 W - a ring of willpower (right hand)
Wands
 y - a wand of iceblast (5)
 A - a wand of charming (18)
Scrolls
 d - 4 scrolls of teleportation {@r2@r2}
 e - 2 scrolls of torment {unknown}
 f - 2 scrolls of magic mapping {unknown}
 i - 5 scrolls of identify {unknown}
 l - 4 scrolls of poison {unknown}
 m - a scroll of immolation {unknown}
 q - a scroll of enchant weapon {unknown}
 t - a scroll of fear {unknown}
 w - a scroll of fog {unknown}
 z - a scroll of blinking {unknown}
 B - a scroll of noise {unknown}
 H - a scroll of butterflies {unknown}
Potions
 b - a potion of magic
 h - a potion of attraction {unknown}
 j - 4 potions of mutation {unknown}
 k - a potion of berserk rage {unknown}
 n - 4 potions of lignification {unknown}
 o - 2 potions of curing {unknown}
 s - a potion of degeneration {unknown}
 u - a potion of resistance {unknown}
 v - a potion of brilliance {unknown}
 C - a potion of heal wounds {unknown}
 E - a potion of haste {unknown}

Dungeon Overview and Level Annotations

Branches:
Dungeon (8/15)             Temple (1/1) D:4
   Lair: D:8-11

Altars:
Ashenzari
Cheibriados
Dithmenos
Elyvilon
Gozag
Hepliaklqana
Kikubaaqudgha
Makhleb
Okawaru
Qazlal
Ru
Sif Muna
Uskayaw
Vehumet
Wu Jian
Xom
Yredelemnul
Zin
The Shining One

Shops:
D:1 *   D:2 ? D:7

[ . .. ... ###
)... #. #..
####).... #. #.#
#.))..... #. #.#
#y# #.###.# #@#
#...#.# ###.#
#.##...<#
###...#
#.....###
#...###
..###.######.###
# #........##
#######...#
#...# .......


You could see a hornet.


Message History

The searing ray hits the hornet but does no damage.
The hornet is severely wounded.
The hornet barely misses you.
You now have 6/22 mp.
The searing ray hits the hornet!
The hornet is almost dead.
The hornet closely misses you. The hornet stings you.
You are poisoned.
You take 1 damage, and have 28/45 hp.
The searing ray misses the hornet.
You finish channelling your searing ray.
You feel sick. The hornet stings you!
* * * LOW HITPOINT WARNING * * *
You take 13 damage, and have 15/45 hp.
MASSIVE DAMAGE!!
You now have 5/22 mp.
Casting: Searing Ray (safe; 1% risk of failure)
Confirm with . or Enter, or press ? or * to list all spells.
Aiming: Searing Ray (safe; 1% risk of failure)
Press: ? - help, Shift-Dir - straight line, f/p - hornet
Aim: a hornet (almost dead, 74% to hit)
The searing ray hits the hornet.
The hornet is almost dead. (Press . to maintain the ray.)
You feel sick. The hornet stings you.
* * * LOW HITPOINT WARNING * * *
The hornet stings you!
* * * LOW HITPOINT WARNING * * *
You suddenly lose the ability to move!
* * * LOW HITPOINT WARNING * * *
You feel sick. The hornet stings you.
You die...

Skill      XL: |  1  2  3  4  5  6  7  8  9 |
---------------+----------------------------+-----
Spellcasting   | 4 5 6 7 |  7.7
Dodging        | 3 4 5 6 8 9 |  9.0
Stealth        | 3 4 5 6 7 |  7.1
Conjurations   | 5 6 7 8 |  8.2
Hexes          | 4 6 |  6.3

Action                     |  1- 3 |  4- 6 |  7- 9 || total
---------------------------+-------+-------+-------++-------
  Melee: Dagger            |     3 |     5 |       ||     8
   Cast: Magic Dart        |    71 |    55 |    85 ||   211
         Searing Ray       |     5 |    23 |    59 ||    87
         Fulminant Prism   |       |       |     2 ||     2
 Armour: Robe              |     5 |     5 |     4 ||    14
         Steam dragon scal |       |       |     2 ||     2
  Dodge: Dodged            |     8 |    17 |    36 ||    61

Levels and vault maps discovered:
D:1:      dpeg_arrival_tiny_d, layout_loops_corners, serial_shops, shop,
          grunt_decor_arrowhead, minmay_misc_feat_rows
D:2:      layout_loops_ring, serial_shops, nicolae_shop_statue_plus,
          basic_ecumenical_altar, uniq_robin, uniq_terence
D:3:      layout_basic
D:4:      minmay_door_path, layout_loops_ring, nicolae_ashenzari_skybound,
          jmf_multi_god_temple, mainiacjoe_overflow_swirl,
          minmay_temple_entry_statues_pillars, uniq_eustachio
D:5:      layout_basic, portal_sewer_entry_b, nicolae_half_adder,
          uniq_prince_ribbit1
D:6:      layout_loops_corners, minivault_10, chequers_garden
D:7:      layout_basic, kennysheep_mini_moat, kennysheep_mini,
          okawaru_ov_weapons_minmay, serial_shops, nicolae_shop_statue_plus,
          st_stairs_1, corexii_checkpoint_a, chequers_serial_rivers_small_b
D:8:      layout_rooms, trog_ov_bears_minmay, gammafunk_ghost_split,
          chequers_mini_garden
Temple:   hellmonk_temple_divided_pantheon

Notes
Turn   | Place    | Note
-------+----------+-------------------------------------------
     0 | D:1      | kingofthe the Deep Elf Conjurer began the quest for the
                  | Orb.
     0 | D:1      | Reached XP level 1. HP: 10/10 MP: 6/6
   154 | D:1      | Found Zohyij's General Store.
   555 | D:1      | Reached skill level 4 in Spellcasting
   555 | D:1      | Reached XP level 2. HP: 15/15 MP: 5/9
   683 | D:1      | Learned a level 2 spell: Searing Ray
  1463 | D:2      | Found Wuxol's Magic Scroll Boutique.
  1528 | D:2      | Reached XP level 3. HP: 19/19 MP: 6/10
  1592 | D:2      | Noticed Robin
  1600 | D:2      | Killed Robin
  1601 | D:2      | Reached skill level 3 in Dodging
  1744 | D:2      | Reached skill level 3 in Stealth
  1997 | D:2      | Found a faded altar of an unknown god.
  2004 | D:2      | Noticed Terence
  2011 | D:2      | Killed Terence
  2012 | D:2      | Reached XP level 4. HP: 21/24 MP: 1/12
  2244 | D:2      | Reached skill level 5 in Conjurations
  2284 | D:1      | Bought a scroll of teleportation for 30 gold pieces
  2719 | D:3      | Reached XP level 5. HP: 28/28 MP: 9/13
  2809 | D:3      | Reached skill level 4 in Dodging
  3020 | D:4      | Identified a scarf of resistance
  3043 | D:4      | Found a staircase to the Ecumenical Temple.
  3061 | Temple   | Entered the Ecumenical Temple
  3061 | Temple   | Found a transporter.
  3061 | Temple   | Found a transporter.
  3063 | Temple   | Found a transporter.
  3063 | Temple   | Found a transporter.
  3099 | D:4      | Noticed Eustachio
  3119 | D:4      | Killed Eustachio
  3120 | D:4      | Reached skill level 4 in Stealth
  3120 | D:4      | Reached XP level 6. HP: 5/32 MP: 1/15
  3243 | D:4      | Reached skill level 5 in Spellcasting
  3458 | D:4      | Reached skill level 5 in Dodging
  3458 | D:4      | Reached skill level 6 in Conjurations
  3869 | D:4      | Found a broken altar of Ashenzari.
  3904 | D:4      | Found a white marble altar of Elyvilon.
  3904 | D:4      | Found a hazy altar of Hepliaklqana.
  4533 | D:4      | Reached XP level 7. HP: 36/36 MP: 10/17
  4607 | D:4      | Found a radiant altar of Vehumet.
  4669 | D:4      | Found a glowing silver altar of Zin.
  4809 | D:5      | Entered Level 5 of the Dungeon
  4948 | D:5      | Reached skill level 6 in Dodging
  4957 | D:5      | Reached skill level 5 in Stealth
  5093 | D:5      | Identified the +0 helmet of Purpose {Harm Rampage rElec
                  | Slay-2}
  5232 | D:5      | Noticed Prince Ribbit
  5237 | D:5      | Killed Prince Ribbit
  5238 | D:5      | Reached skill level 6 in Spellcasting
  5238 | D:5      | Reached skill level 7 in Conjurations
  5238 | D:5      | Reached XP level 8. HP: 37/41 MP: 11/19
  5243 | D:5      | Learned a level 4 spell: Fulminant Prism
  5441 | D:5      | Reached skill level 1 in Hexes
  5491 | D:5      | Reached skill level 7 in Dodging
  5651 | D:5      | Reached skill level 2 in Hexes
  5995 | D:5      | Reached skill level 3 in Hexes
  6150 | D:5      | Reached skill level 6 in Stealth
  6855 | D:6      | Reached skill level 4 in Hexes
  7059 | D:6      | Reached skill level 7 in Spellcasting
  7120 | D:6      | Reached skill level 8 in Dodging
  7470 | D:6      | Reached XP level 9. HP: 45/45 MP: 17/21
  7745 | D:7      | Found Mutadis's Antique Armour Emporium.
  7761 | D:7      | Found an iron altar of Okawaru.
  7806 | D:7      | Reached skill level 5 in Hexes
  7927 | D:7      | Found a shimmering blue altar of Sif Muna.
  7930 | D:7      | Became a worshipper of Sif Muna the Loreminder
  7984 | D:7      | Reached skill level 8 in Conjurations
  8506 | D:7      | Identified the +2 pair of gloves of Beqyvar {Str+3 SInv}
  9025 | D:7      | Found an opulent altar of Gozag.
  9196 | D:7      | Reached skill level 7 in Stealth
  9196 | D:7      | Reached skill level 6 in Hexes
  9349 | D:8      | Reached skill level 9 in Dodging
  9354 | D:8      | HP: 4/45 [hornet (7)]
  9354 | D:8      | Paralysed by a hornet for 3 turns
  9355 | D:8      | Slain by a hornet

Vanquished Creatures
  A hornet (D:8)
  Prince Ribbit (D:5)
  Eustachio (D:4)
  A steam dragon (D:7)
  A water moccasin (D:7)
  An ice beast (D:6)
  A centaur (D:5)
  2 ogres
  3 scorpions
  2 bullfrogs (D:6)
  5 wights (D:5)
  6 killer bees (D:7)
  3 hounds
  4 jellies
  4 orc priests
  Terence (D:2)
  6 iguanas
  2 orc wizards
  Robin (D:2)
  10 gnolls
  9 adders
  2 river rats (D:5)
  2 shadow imps
  5 white imps
  2 worms (D:2)
  2 dart slugs (D:4)
  22 orcs
  6 bats
  7 endoplasms
  4 giant cockroaches
  15 goblins
  7 hobgoblins
  3 jackals (D:1)
  9 kobolds
  5 quokkas
  6 ball pythons
  3 frilled lizards
  5 rats
170 creatures vanquished.

Vanquished Creatures (others)
  2 fulminant prisms (D:7)
2 creatures vanquished.

Grand Total: 172 creatures vanquished

Table legend: (Time is in decaauts)
 A = Elapsed time spent in this place.
 B = Non-inter-level travel time spent in this place.
 C = Inter-level travel time spent in this place.
 D = Time resting spent in this place.
 E = Time spent auto-exploring this place.
 F = Levels seen in this place.
 G = Mean time per level.
                   A        B        C        D        E       F      G
               +--------+--------+--------+--------+--------+-----+--------+
         Total |   9356 |   8891 |    465 |    626 |   7235 |   9 | 1039.6 |
       Dungeon |   9321 |   8865 |    456 |    626 |   7229 |   8 | 1165.1 |
        Temple |     34 |     25 |      9 |      0 |      6 |   1 |   34.0 |
               +--------+--------+--------+--------+--------+-----+--------+

Top non-repeatable levels by time:
     D:4: 1800 daAuts
     D:7: 1717 daAuts
     D:5: 1595 daAuts
     D:2: 1234 daAuts
     D:6: 1192 daAuts
     D:1: 1098 daAuts
     D:3: 639 daAuts
     D:8: 42 daAuts
  Temple: 34 daAuts

Table legend:
 A = Non-vault XP
 B = Vault XP
 C = Vault XP percentage of total XP
 D = Non-vault monster count
 E = Vault monster count
 F = Vault count percentage of total count
                 A         B        C        D         E       F
            +---------+---------+-------+---------+---------+-------
      Total |    3328 |     805 |  19.5 |     132 |      38 |  22.4
            +---------+---------+-------+---------+---------+-------
        D:1 |      21 |       0 |   0.0 |      12 |       0 |   0.0
        D:2 |      37 |      73 |  66.4 |      18 |      14 |  43.8
        D:3 |      91 |       0 |   0.0 |      15 |       0 |   0.0
        D:4 |     311 |     285 |  47.8 |      26 |       7 |  21.2
        D:5 |     919 |     396 |  30.1 |      23 |      14 |  37.8
        D:6 |     704 |       0 |   0.0 |      17 |       0 |   0.0
        D:7 |     900 |      51 |   5.4 |      14 |       3 |  17.6
        D:8 |     345 |       0 |   0.0 |       7 |       0 |   0.0
            +---------+---------+-------+---------+---------+-------
